Map: Traitor's Exile

Players

PureLegacy - Winner!

  • Race: Terran Terran
  • Spawn Location: 12:00

LOADBLASTER - Winner!

  • Race: Terran Terran
  • League: Master
  • Spawn Location: 9:00

rayzydayzy

  • Race: Terran Terran
  • League: Master
  • Spawn Location: 6:00

PadaMave

  • Race: Zerg Zerg
  • League: Master
  • Spawn Location: 5:00

VOD

Have the link to the VOD?

Description

Time

  • Played on: Nov. 22, 2018, 11:46 a.m.
  • Length: 4:34
Show
View Real Time Build Order
Export as new Build Order

PureLegacy Terran - Winner!

Build Orders:  

Get SALT Encoding   

  12  0:01  SCV  
  13  0:13  SCV  
  14  0:18  Supply Depot  
  14  0:25  SCV  
  15  0:31  Refinery  
  15  0:40  SCV  
  16  0:45  Barracks  
  16  0:52  SCV  
  17  1:03  Barracks  
  17  1:18  Barracks  
  17  1:22  SCV  
  18  1:33  Reaper  
  19  1:40  Orbital Command  
  19  1:47  Refinery  
  19  1:52  Reaper  
  20  2:02  Supply Depot  
  20  2:05  Reaper  
  21  2:09  Reaper  
  21  2:14  SCV  
  23  2:24  Reaper  
  24  2:38  Reaper  
  24  2:39  Supply Depot  
  24  2:42  SCV  
  26  2:45  Reaper  
  27  2:54  SCV  
  27  2:56  Reaper  
  29  3:13  Reaper  
  29  3:16  SCV  
  31  3:24  Reaper  
  31  3:35  Reaper  
  32  3:44  Command Center  
  32  3:45  Reaper  
  32  3:48  Barracks, SCV  
  34  3:50  Barracks  
  35  4:12  SCV  
  35  4:13  Supply Depot  
  35  4:16  Engineering Bay  
Show
View Real Time Build Order
Export as new Build Order

LOADBLASTER Terran - Winner!

Build Orders: Hellion Opening 

Get SALT Encoding   

  12  0:03  SCV  
  13  0:15  SCV  
  13  0:19  Supply Depot  
  14  0:27  SCV  
  15  0:33  Refinery  
  15  0:41  SCV  
  16  0:48  Barracks  
  16  0:54  SCV  
  17  0:57  Refinery  
  17  1:07  SCV  
  18  1:19  SCV  
  19  1:37  Factory  
  19  1:41  Barracks Reactor  
  19  1:42  Orbital Command  
  19  1:54  Supply Depot  
  19  2:11  SCV  
  20  2:32  Hellion x2, Command Center  
  24  2:39  Factory  
  24  2:40  Barracks Tech Lab  
  24  2:44  SCV  
  25  2:51  Supply Depot  
  25  2:54  Hellion  
  26  3:00  Hellion  
  26  3:05  SCV  
  27  3:16  Hellion  
  27  3:18  SCV  
  30  3:30  SCV  
  30  3:33  Hellion  
  33  3:43  Hellion  
  32  3:52  Orbital Command  
  32  3:55  Hellion  
  33  3:58  SCV  
  34  4:03  Hellion  
  36  4:11  Hellion  
  36  4:12  SCV  
  39  4:19  SCV  
Show
View Real Time Build Order
Export as new Build Order

rayzydayzy Terran 

Build Orders:  

Get SALT Encoding   

  12  0:00  SCV  
  13  0:13  SCV  
  14  0:18  Supply Depot  
  14  0:25  SCV  
  15  0:40  SCV  
  15  0:41  Barracks  
  16  0:45  Refinery  
  16  0:52  SCV  
  17  1:02  Barracks  
  17  1:14  Barracks  
  17  1:17  SCV  
  18  1:26  Refinery  
  18  1:29  Reaper  
  19  1:43  Orbital Command  
  19  1:49  Reaper  
  20  1:59  Supply Depot  
  20  2:04  Reaper  
  21  2:09  Reaper  
  22  2:26  Reaper  
  23  2:36  Reaper  
  24  2:40  SCV  
  24  2:41  Reaper  
  25  2:45  Supply Depot  
  25  2:52  SCV  
  26  2:58  Reaper  
  26  3:04  SCV  
  28  3:08  Reaper  
  27  3:13  Reaper  
  28  3:22  SCV  
  29  3:30  Reaper  
  26  3:40  Reaper  
  19  3:47  Reaper, SCV  
Show
View Real Time Build Order
Export as new Build Order

PadaMave Zerg 

Build Orders: Hatch First 

Get SALT Encoding   

  12  0:01  Drone  
  13  0:12  Overlord  
  13  0:18  Drone  
  14  0:30  Drone x2  
  14  0:34  Drone  
  17  0:54  Hatchery  
  17  0:57  Drone  
  17  0:59  Drone  
  18  1:11  Extractor  
  17  1:15  Spawning Pool  
  16  1:18  Drone  
  16  1:22  Drone  
  18  1:29  Drone  
  19  1:41  Overlord  
  19  1:49  Drone  
  20  2:03  Queen  
  20  2:06  Queen  
  20  2:08  Zergling x2  
  25  2:09  Zergling x2  
  25  2:12  Metabolic Boost  
  26  2:18  Drone  
  26  2:19  Drone  
  28  2:32  Drone  
  28  2:33  Drone  
  28  2:35  Drone  
  31  2:40  Queen  
  33  2:44  Queen  
  35  2:53  Overlord  
  35  2:57  Zergling x2  
  35  3:08  Overlord  
  35  3:12  Zergling x2  
  36  3:13  Zergling x12  
  41  3:21  Zergling x6  
  44  3:33  Zergling x4  
  40  3:49  Drone x3, Roach Warren  
  40  3:50  Drone  
  42  3:57  Zergling x12  
Tags
 
Add a new tag
Caveats
  • Supply blocks, unpowered buildings, or Contaminate may cause inaccurate times.
  • Supply counts are checked every 10 seconds.